 Dungeon Crawl Stone Soup version 0.21.1-1-g345015f (webtiles) character file.

87 olivier the Ducker (level 4, 0/33 HPs)
             Began as a Vampire Gladiator on May 30, 2018.
             Succumbed to an adder's poison
             ... on level 2 of the Dungeon.
             The game lasted 00:09:40 (1765 turns).

olivier the Ducker (Vampire Gladiator)              Turns: 1765, Time: 00:09:41

Health: 0/33       AC:  5    Str: 11 (14) XL:     4   Next: 28%
Magic:  4/4        EV: 13    Int: 10      God:
Gold:   74         SH:  0    Dex: 13 (15) Spells: 3/3 levels left

rFire    . . .     SeeInvis +   a - +0 quarterstaff
rCold    . . .     Gourm    .   (shield currently unavailable)
rNeg     . . .     Faith    .   b - +0 leather armour
rPois    .         Spirit   .   c - +0 helmet
rElec    .         Reflect  .   (no cloak)
rCorr    .         Harm     .   (no gloves)
MR       .....                  k - +0 pair of boots
Stlth    +.........             i - amulet of inaccuracy
HPRegen  0.31/turn              (no ring)
MPRegen  0.09/turn              (no ring)

@: lethally poisoned (0 -> -2), regenerating quickly
A: fangs 3, see invisible, unbreathing
a: no special abilities


You were on level 2 of the Dungeon.
You were very full.

You visited 1 branch of the dungeon, and saw 2 of its levels.

You collected 74 gold pieces.

Inventory:

Hand Weapons
 a - a +0 quarterstaff (weapon)
 l - a +0 hunting sling
Missiles
 d - 2 throwing nets (quivered)
 f - 29 stones
Armour
 b - a +0 leather armour (worn)
 c - a +0 helmet (worn)
 k - a +0 pair of boots (worn)
Jewellery
 i - an amulet of inaccuracy (around neck)
Scrolls
 h - a scroll of immolation
Potions
 e - 3 potions of blood


   Skills:
 + Level 1.9 Fighting
 * Level 3.4 Staves
 + Level 0.3(1.1) Slings
 + Level 1.6(1.7) Throwing
 + Level 1.3 Armour
 + Level 3.7 Dodging


You had 3 spell levels left.
You didn't know any spells.

Dungeon Overview and Level Annotations

Branches:
Dungeon (2/15)

Altars:


Innate Abilities, Weirdness & Mutations

Your natural rate of healing is unusually fast.
You have razor-sharp teeth.
You have supernaturally acute eyesight. (SInv)
You can survive without breathing.


Message History

Okay, then.
Yummy - fresh blood!
* * * LOW HITPOINT WARNING * * *
You feel sick. The adder closely misses you.
You barely miss the adder.
* * * LOW HITPOINT WARNING * * *
You feel sick. The adder closely misses you.
The adder bites you but does no damage.
You miss the adder. Your bite misses the adder.
* * * LOW HITPOINT WARNING * * *
You feel sick. The adder closely misses you.
You barely miss the adder.
* * * LOW HITPOINT WARNING * * *
You feel sick. The adder barely misses you. The adder misses you.
You miss the adder.
* * * LOW HITPOINT WARNING * * *
You feel sick. The adder bites you.
* * * LOW HITPOINT WARNING * * *
You miss the adder.
You die...

.............##.# #.#
..#......#.#.##.###.########
..#......#.#.##............#
..####...#.#.###############
..†............
..####..###..## ........#
#..####
...###..###.....########
...............S@......#
..####..###..##.#####..#
..#.##..# #..##.# #..#
..#.##..# #.....#####..#
....##..# #.........#..#
..#.##..###..######.#..#####
...........................#
..#.##........#####.#..#####
..#.###.###.#.# #.#..#


You could see an adder.

Vanquished Creatures
  4 adders (D:2)
  3 worms (D:2)
  3 bats
  3 giant cockroaches
  8 goblins
  2 hobgoblins
  8 kobolds
  3 ball pythons
  7 frilled lizards
  5 rats
46 creatures vanquished.

Notes
Turn   | Place    | Note
-------+----------+-------------------------------------------
     0 | D:1      | olivier the Vampire Gladiator began the quest for the Orb.
     0 | D:1      | Reached XP level 1. HP: 16/16 MP: 1/1
   304 | D:1      | Reached XP level 2. HP: 19/22 MP: 2/2
  1190 | D:2      | Reached XP level 3. HP: 27/27 MP: 3/3
  1308 | D:2      | HP: 1/27 [poisoned by an adder]
  1314 | D:2      | HP: 1/27 [poisoned by an adder]
  1322 | D:2      | HP: 1/27 [poisoned by an adder]
  1489 | D:2      | Reached skill level 1 in Armour
  1557 | D:2      | Reached XP level 4. HP: 25/33 MP: 4/4
  1764 | D:2      | HP: 1/33 [adder (2)]
  1765 | D:2      | Succumbed to an adder's poison

Skill      XL: |  1  2  3 |
---------------+----------+-----
Staves         | 3 |  3.4
Armour         | 1 |  1.3
Fighting       | |  1.9
Slings         | |  0.3
Throwing       | |  1.6
Dodging        | |  3.7

Action                   |  1- 3 |  4- 6 || total
-------------------------+-------+-------++-------
Melee: Quarterstaff      |   134 |    51 ||   185
       Bite              |     6 |     6 ||    12
       Hunting sling     |     1 |       ||     1
 Fire: Hunting sling     |    17 |       ||    17
Throw: Throwing net      |     3 |       ||     3
  Use: Scroll            |     2 |       ||     2
       Potion            |     6 |     1 ||     7
  Eat: Corpse            |     5 |       ||     5
Armor: Leather armour    |    43 |    20 ||    63
Dodge: Dodged            |   105 |    45 ||   150
